 Dungeon Crawl Stone Soup version 0.30.1-9-gdf580d7c3d (webtiles) character file.

Game seed: 9968834155952048044

96 KittyFluff the Trooper (level 4, 0/43 HPs)
             Began as a Gargoyle Berserker on Oct 6, 2023.
             Was a Believer of Trog.
             Slain by a gnoll
             ... wielding a +0 spear
              (3 damage)
             ... on level 3 of the Dungeon.
             The game lasted 00:05:59 (1351 turns).

KittyFluff the Trooper (Gargoyle Berserker)         Turns: 1351, Time: 00:06:00

Health: 0/43       AC:  8    Str: 22    XL:     4   Next: 67%
Magic:  4/4        EV: 11    Int:  8    God:    Trog [**....]
Gold:   114        SH:  0    Dex:  9    Spells: 3/3 levels left

rFire   . . .        a - +0 mace
rCold   . . .        (no shield)
rNeg    + . .        u - +0 leather armour
rPois   ∞            (no helmet)
rElec   +            (no cloak)
rCorr   .            p - +0 pair of gloves
SInv    .            (no boots)
Will    +....        (no amulet) Stlth
                     h - ring of willpower
HPRegen 0.27/turn    (no ring)
MPRegen 0.09/turn

%: no passive effects
@: berserking (expiring), very quick
A: sickness immunity, AC +3, negative energy resistance 1, electricity
resistance, torment resistance 1, petrification resistance
a: Renounce Religion, Berserk, Trog's Hand


You were on level 3 of the Dungeon.
You worshipped Trog.
Trog was pleased with you.
You visited 1 branch of the dungeon, and saw 3 of its levels.

You collected 114 gold pieces.

Inventory:

Hand Weapons
 a - a +0 mace (weapon)
 t - a +0 sling
Missiles
 d - 9 poisoned darts (quivered)
Armour
 p - a +0 pair of gloves (worn)
 u - a +0 leather armour (worn)
Jewellery
 h - a ring of willpower (left hand)
Wands
 j - a wand of light (13)
 k - a wand of flame (18)
Scrolls
 b - a scroll of amnesia {unknown}
 e - 2 scrolls of enchant weapon {unknown}
 g - a scroll of magic mapping {unknown}
 i - a scroll of enchant armour {unknown}
 n - a scroll of vulnerability {unknown}
 q - a scroll of torment {unknown}
 r - 2 scrolls of teleportation {unknown}
 s - a scroll of identify {unknown}
Potions
 c - a potion of heal wounds {unknown}
 f - 2 potions of curing {unknown}
 l - a potion of attraction {unknown}
 m - a potion of flight {unknown}
 o - a potion of lignification {unknown}


   Skills:
 + Level 3.8 Fighting
 * Level 3.8 Maces & Flails
 * Level 3.5 Armour
 + Level 2.1 Dodging


You had 3 spell levels left.
You didn't know any spells.
Your spell library was empty.

Dungeon Overview and Level Annotations

Branches:
Dungeon (3/15)

Altars:


Innate Abilities, Weirdness & Mutations

You are immune to sickness and miasma.
Your stone body is resilient. (AC +3)
You are immune to poison.
You resist negative energy. (rN+)
You are resistant to electric shocks. (rElec)
You are resistant to unholy torment.
You are immune to petrification.


Message History

You barely miss the gnoll.
The gnoll is heavily wounded.
The gnoll hits you from afar with a +0 spear.
A gnoll comes into view. It is wielding a +0 flail.
The gnoll hits you with a +0 flail. The gnoll hits you with a +0 flail!
* * * LOW HITPOINT WARNING * * *
The gnoll hits you from afar with a +0 spear.
* * * LOW HITPOINT WARNING * * *
A red film seems to cover your vision as you go berserk!
You feel yourself moving faster!
You feel mighty! The gnoll hits you but does no damage.
The gnoll closely misses you.
You barely miss the gnoll.
The gnoll is heavily wounded.
You hit the gnoll.
The gnoll is almost dead.
The gnoll misses you. The gnoll hits you but does no damage.
You sock the gnoll!
You kill the gnoll!
Trog accepts your kill. The gnoll hits you but does no damage.
You closely miss the orc. The orc hits you with a +0 flail.
* * * LOW HITPOINT WARNING * * *
The gnoll hits you but does no damage.
You hit the orc. Your punch misses the orc.
The orc is severely wounded.
You hit the orc.
You kill the orc!
Trog accepts your kill.
The gnoll hits you from afar with a +0 spear.
* * * LOW HITPOINT WARNING * * *
You hit the gnoll.
The gnoll is heavily wounded.
The gnoll hits you but does no damage. The gnoll misses you.
You sock the gnoll!
You kill the gnoll!
Trog accepts your kill. The gnoll barely misses you.
You completely miss the gnoll.
The gnoll hits you from afar with a +0 spear.
You die...

#..##.#
###.....#
#.......#
#)##.##.#
#.##..#.#
#.###.#.#
#.# .#.#
#.###.#.#
#..@g)..#
#####g..#
.....
.### #


You could see 2 gnolls.

Vanquished Creatures
  2 adders (D:2)
  2 gnolls (D:3)
  6 dart slugs
  An orc (D:3)
  A ball python (D:1)
  4 bats
  3 endoplasms
  2 giant cockroaches
  2 goblins
  3 hobgoblins
  4 jackals (D:1)
  5 kobolds
  A quokka (D:1)
  7 frilled lizards
  6 rats
49 creatures vanquished.

Notes
Turn   | Place    | Note
-------+----------+-------------------------------------------
     0 | D:1      | KittyFluff the Gargoyle Berserker began the quest for the
                  | Orb.
     0 | D:1      | Reached XP level 1. HP: 14/14 MP: 1/1
    78 | D:1      | Reached XP level 2. HP: 12/19 MP: 2/2
   227 | D:1      | Reached XP level 3. HP: 23/23 MP: 3/3
   947 | D:2      | Reached ** piety under Trog
   991 | D:2      | Reached XP level 4. HP: 29/29 MP: 4/4
  1348 | D:3      | HP: 2/43 [gnoll/+0 spear (2)]
  1351 | D:3      | Slain by a gnoll

Illustrated notes

Levels and vault maps discovered:
D:1:      spicycebolla_green_bress_n_ham, layout_rooms, serial_forest,
          infiniplex_forest_straight_3, infiniplex_forest_lined_2,
          infiniplex_forest_end_1, infiniplex_forest_split,
          infiniplex_forest_clump_diagonal, infiniplex_forest_clump_medium
D:2:      layout_basic
D:3:      layout_loops_corners, amcnicky_altar_gilded,
          hellmonk_ecumenical_altar_defaced_shrine,
          amcnicky_mini_corridor_feature, nicolae_figureground_sparkle

Skill      XL: |  1  2  3 |
---------------+----------+-----
Armour         | 3 |  3.5
Dodging        | 2 |  2.1
Fighting       | |  3.8
Maces & Flails | |  3.8

Action                     |  1- 3 |  4- 6 || total
---------------------------+-------+-------++-------
  Melee: Mace              |   133 |    47 ||   180
         Punch             |     1 |     1 ||     2
 Invoke: Berserk           |       |     1 ||     1
 Armour: Animal skin       |    52 |     4 ||    56
         Leather armour    |       |    14 ||    14
  Dodge: Dodged            |    90 |    31 ||   121
